Map: Overgrowth LE (Void)

Players

Naffy

  • Race: Terran Terran
  • League: Master
  • Spawn Location: 1:00

A.I. 2 (Harder) - Winner!

  • Race: Terran Terran
  • Spawn Location: 7:00

VOD

Have the link to the VOD?

Description

Time

  • Played on: Dec. 6, 2016, 2:02 p.m.
  • Length: 12:14
Show
View Real Time Build Order
Export as new Build Order

Naffy Terran 

Build Orders: 1/1/1, Mech, Banshee Rush 

Get SALT Encoding   

  12  0:00  SCV  
  13  0:13  SCV  
  14  0:18  Supply Depot  
  14  0:25  SCV  
  14  0:27  Refinery  
  15  0:40  SCV  
  16  0:44  Barracks  
  16  0:52  SCV  
  17  1:04  SCV  
  18  1:16  SCV  
  19  1:31  Marine, Orbital Command  
  19  1:32  Factory  
  20  1:42  Supply Depot, Refinery  
  20  1:49  Marine  
  21  1:57  SCV  
  22  2:08  Marine  
  23  2:09  SCV  
  24  2:16  Hellion  
  24  2:17  Starport  
  24  2:21  SCV  
  27  2:25  Supply Depot  
  27  2:28  Marine  
  28  2:33  SCV  
  29  2:38  Factory Tech Lab  
  29  2:47  SCV  
  30  3:00  Cloaking Field, Banshee  
  33  3:08  Command Center  
  33  3:10  SCV  
  34  3:18  Cyclone  
  37  3:23  SCV  
  38  3:27  Supply Depot, Barracks Reactor  
  38  3:39  SCV  
  39  3:48  Banshee  
  39  3:50  Supply Depot  
  39  3:52  SCV  
  43  4:03  Factory  
  43  4:04  SCV  
  44  4:11  Hellion  
  44  4:12  Hellion  
  48  4:20  Orbital Command  
  48  4:23  SCV  
  49  4:35  SCV, Cyclone x2  
  56  4:47  SCV  
  56  4:50  SCV  
  58  4:58  Mag-Field Launchers  
  58  4:59  SCV  
  59  5:00  Hellion  
  59  5:02  SCV  
  59  5:04  Supply Depot  
  62  5:08  Hellion x2  
  62  5:11  SCV  
  67  5:17  SCV  
  68  5:23  SCV, Command Center  
  68  5:26  Refinery  
  68  5:27  Refinery  
  69  5:29  SCV, Supply Depot  
  69  5:33  Siege Tank  
  69  5:35  SCV  
  74  5:41  Hellion x2  
  78  5:43  Starport Reactor  
  78  5:51  SCV x2  
  80  6:03  SCV x2  
  82  6:06  Hellion x2  
  82  6:10  Supply Depot x2  
  86  6:14  Armory  
  86  6:15  Armory  
  86  6:23  Engineering Bay  
  86  6:28  SCV  
  86  6:31  Factory, SCV, Siege Tank  
  90  6:37  Supply Depot x2  
  90  6:38  Orbital Command  
  90  6:43  SCV x2  
  92  6:56  SCV x2  
  92  6:58  Supply Depot  
  94  7:03  Terran Vehicle And Ship Armor Level 1, Terran Vehicle Weapons Level 1  
  94  7:07  Hellion x2, Siege Tank  
  101  7:10  SCV x3  
  104  7:16  Factory Tech Lab  
  104  7:19  Viking x2  
  108  7:23  SCV x3  
  111  7:30  Refinery  
  111  7:31  Refinery  
  111  7:35  SCV x3  
  114  7:38  Siege Tank  
  114  7:39  Siege Tank  
  120  7:47  SCV x2  
  120  7:48  SCV  
  123  7:56  Viking x2  
  127  7:59  Supply Depot  
  127  8:00  Supply Depot  
  127  8:01  Hellion x2  
  131  8:07  SCV x3  
  134  8:14  Supply Depot x2  
  134  8:15  Siege Tank x2  
  140  8:26  Viking  
  140  8:27  Viking  
  144  8:38  Supply Depot  
  144  8:41  Supply Depot, Hellion x2  
  148  8:48  Siege Tank  
  148  8:49  Siege Tank  
  148  8:53  SCV x2  
  148  8:54  SCV  
  157  9:00  Supply Depot, Terran Vehicle Weapons Level 2  
  157  9:01  Terran Vehicle And Ship Armor Level 2  
  157  9:03  Viking x2  
  157  9:06  Supply Depot  
  161  9:10  Hellion x2  
  165  9:17  Command Center  
  152  9:30  Siege Tank x2  
  158  9:32  Hellion x2  
  158  9:34  Infernal Pre-Igniter  
  158  9:37  Viking x2  
  166  9:39  Reaper  
  166  9:42  Missile Turret  
  167  9:46  Missile Turret  
  167  9:48  Missile Turret  
  167  9:49  Missile Turret  
  167  9:51  Missile Turret x2  
  167  9:52  Missile Turret  
  167  9:55  Missile Turret  
  167  9:57  Missile Turret  
  167  10:01  Missile Turret  
  167  10:08  Siege Tank x2  
  167  10:09  Hellion x2  
  177  10:15  Factory  
  177  10:17  Factory  
  177  10:27  Viking x2  
  181  10:33  Planetary Fortress  
  181  10:43  Missile Turret  
  181  10:44  Siege Tank x2, Hellion  
  181  10:45  Hellion  
  191  10:51  Refinery  
  191  10:59  Viking x2  
  191  11:00  Refinery  
  191  11:01  Factory Reactor  
  191  11:02  Factory Tech Lab  
  197  11:11  Hellion x2  
Show
View Real Time Build Order
Export as new Build Order

A.I. 2 (Harder) Terran - Winner!

Build Orders: MMM Bio 

Get SALT Encoding   

  12  0:00  SCV  
  13  0:13  SCV  
  14  0:19  Supply Depot  
  14  0:25  SCV  
  15  0:40  SCV  
  16  0:43  Barracks  
  16  0:53  SCV  
  17  1:05  SCV  
  18  1:17  Command Center  
  18  1:32  Marine, Orbital Command  
  18  1:36  Supply Depot  
  19  1:44  Refinery  
  19  1:50  Marine  
  20  1:57  SCV  
  20  2:00  Barracks  
  21  2:06  Refinery  
  21  2:10  SCV  
  22  2:18  Barracks Tech Lab  
  22  2:22  SCV  
  23  2:30  Supply Depot  
  23  2:34  SCV  
  23  2:36  Marine  
  25  2:47  Marine  
  26  2:53  SCV, Refinery  
  26  2:56  Marine  
  26  2:58  SCV  
  29  3:05  SCV  
  29  3:06  Barracks Tech Lab  
  29  3:10  SCV  
  31  3:15  Marauder  
  31  3:17  SCV  
  34  3:21  Factory  
  34  3:22  SCV  
  34  3:25  Marauder  
  37  3:30  SCV  
  38  3:34  SCV  
  38  3:36  Factory  
  39  4:03  Marine  
  39  4:04  Refinery  
  39  4:05  Factory Tech Lab, Starport  
  39  4:08  Starport  
  40  4:13  Marauder  
  42  4:19  Factory Tech Lab  
  42  4:22  Marauder  
  44  4:28  SCV  
  43  4:31  SCV  
  43  4:34  Ghost Academy  
  40  4:45  Starport Tech Lab  
  40  4:46  SCV  
  40  4:48  SCV  
  39  4:58  SCV, Marine, Starport Tech Lab  
  41  5:01  SCV  
  42  5:07  Marine  
  42  5:09  Medivac  
  42  5:10  SCV  
  46  5:16  Ghost  
  46  5:18  Supply Depot  
  46  5:20  SCV  
  49  5:23  SCV  
  50  5:32  SCV  
  50  5:35  SCV  
  52  5:39  Stimpack  
  52  5:44  SCV, Combat Shields  
  52  5:48  SCV  
  54  5:56  SCV  
  55  6:00  SCV  
  55  6:02  Engineering Bay  
  56  6:11  Supply Depot  
  56  6:13  SCV  
  56  6:15  SCV  
  58  6:24  Marine  
  58  6:25  SCV  
  60  6:27  SCV  
  60  6:28  Terran Infantry Weapons Level 1  
  61  6:33  Marine  
  61  6:37  SCV  
  61  6:38  Supply Depot  
  61  6:39  SCV  
  64  6:43  Marine  
  64  6:49  SCV  
  64  6:51  SCV  
  64  6:52  Marine  
  68  7:01  SCV, Marine  
  68  7:03  Concussive Shells  
  68  7:04  SCV, Supply Depot  
  70  7:11  Marine  
  70  7:13  SCV  
  72  7:21  Marauder  
  74  7:25  SCV  
  74  7:26  Medivac  
  74  7:28  SCV  
  74  7:29  Supply Depot  
  80  7:30  Marauder  
  80  7:39  SCV  
  80  7:40  SCV  
  80  7:42  Marauder  
  80  7:44  Missile Turret  
  84  7:47  Missile Turret  
  84  7:50  Medivac, Missile Turret  
  88  7:51  Marauder  
  88  7:52  Supply Depot  
  88  7:55  Raven, Missile Turret  
  90  8:01  Sensor Tower  
  90  8:02  Ghost  
  90  8:05  Armory  
  92  8:11  Barracks  
  92  8:17  Bunker  
  92  8:18  Supply Depot  
  92  8:20  Bunker, Raven  
  92  8:23  Terran Infantry Armor Level 1  
  94  8:49  Marine, Raven  
  94  8:51  Factory, Marine  
  94  8:54  Supply Depot, Terran Vehicle Weapons Level 1  
  98  8:58  Marine  
  98  9:01  Starport, Command Center  
  99  9:07  Marine  
  100  9:17  Fusion Core  
  100  9:18  Marine, Barracks Reactor  
  100  9:23  Medivac  
  77  9:25  Marine  
  66  9:35  Factory Tech Lab  
  66  9:37  Marauder  
  67  9:38  Starport Reactor  
  67  9:41  Medivac  
  67  9:43  Marauder  
  71  9:53  Medivac  
  71  9:54  Marine  
  71  9:56  Marine  
  71  9:58  Marine  
  76  10:04  Marauder  
  78  10:12  Marine  
  79  10:14  Marine  
  79  10:15  SCV x2, Ghost  
  79  10:16  SCV  
  85  10:26  Marauder  
  85  10:27  SCV  
  88  10:28  SCV  
  88  10:29  Refinery  
  88  10:30  Marine  
  88  10:31  Missile Turret  
  88  10:32  SCV, Marine  
  88  10:34  Missile Turret  
  88  10:35  Refinery  
  92  10:39  SCV  
  92  10:40  SCV  
  92  10:41  Engineering Bay  
  94  10:44  SCV, Marine  
  94  10:46  Armory  
  94  10:47  Marauder  
  94  10:48  Marine  
  99  10:50  Marine  
  99  10:54  Bunker  
  100  10:58  Command Center  
  100  11:02  Marauder  
  102  11:09  Marauder  
  104  11:24  Marauder  
  106  11:46  Hellion  
  118  11:47  Hellion  
  118  11:48  Hellion  
  118  11:50  Marauder, SCV, Supply Depot  
  118  11:52  Marine  
  94  11:54  Marine, Bunker  
Tags
 
Composition
MMM BioMech
League
Master
Matchup
TvT
Opening
1/1/1
Race
Terran
Spawn Locations
Cross Positions
Strategy
Banshee Rush
Add a new tag
Caveats
  • Supply blocks, unpowered buildings, or Contaminate may cause inaccurate times.
  • Supply counts are checked every 10 seconds.